 Dungeon Crawl Stone Soup version 0.29.0-4-gdea44cf6ec (webtiles) character file.

Game seed: 15663903702501704352

11 qw the Sneak (level 2, -1/19 HPs)
             Began as a Gargoyle Delver on Sept 10, 2022.
             Slain by an orc wizard
             ... wielding a +0 dagger
              (3 damage)
             ... on level 5 of the Dungeon.
             The game lasted 00:00:05 (277 turns).

qw the Sneak (Gargoyle Delver)                       Turns: 277, Time: 00:00:06

Health: -1/19      AC:  5    Str: 15    XL:     2   Next: 25%
Magic:  2/2        EV: 11    Int: 10    God:
Gold:   23         SH:  0    Dex: 11    Spells: 1/1 levels left

rFire   . . .      SeeInvis .   a - +0 hand axe
rCold   . . .      Faith    .   (no shield)
rNeg    + . .      Spirit   .   b - +0 leather armour
rPois   inf        Reflect  .   (no helmet)
rElec   +          Harm     .   (no cloak)
rCorr   .          Rampage  .   (no gloves)
Will    .....                   (no boots)
Stlth   +++.......              (no amulet)
HPRegen 0.06/turn               (no ring)
MPRegen 0.08/turn               (no ring)

@: no status effects
A: sickness immunity, AC +2, negative energy resistance 1, electricity
resistance, torment resistance 1, petrification resistance
a: no special abilities


You were on level 5 of the Dungeon.
You visited 1 branch of the dungeon, and saw 1 of its levels.

You collected 23 gold pieces.


Innate Abilities, Weirdness & Mutations

You are immune to sickness and miasma.
Your stone body is resilient. (AC +2)
You are immune to poison.
You resist negative energy. (rN+)
You are resistant to electric shocks. (rElec)
You are resistant to unholy torment.
You are immune to petrification.


   Skills:
 - Level 3.2 Fighting
 + Level 2.6 Axes
 - Level 1.5 Dodging
 - Level 5.4 Stealth


You had one spell level left.
You didn't know any spells.
Your spell library was empty.

Inventory:

Hand Weapons
 a - a +0 hand axe (weapon)
Armour
 b - a +0 leather armour (worn)
Wands
 g - a wand of digging (3)
Scrolls
 c - a scroll of fog
 d - a scroll of magic mapping
 e - a scroll of fear
Potions
 f - a potion of haste

Dungeon Overview and Level Annotations

Branches:
Dungeon (5/15)
 Temple: D:4-7

Altars:


Message History

The adder hisses angrily. x2
The orc completely misses you. The orc barely misses you.
The orc closely misses you. The orc barely misses you.
You hit the orc.
The orc is heavily wounded.
You hit the orc. You closely miss the orc. You hit the orc but do no damage.
The orc barely misses you. The orc closely misses you.
The orc hits you with a +0 club. The orc barely misses you.
You hit the orc.
The orc is moderately wounded.
You hit the orc. You closely miss the orc. You barely miss the orc.
The orc closely misses you. The orc hits you with a +0 club. x2
The orc hits you but does no damage.
You bump into the rock wall.
You feel less confused. The adder barely misses you. The orc misses you.
The orc closely misses you. The orc completely misses you.
The orc hits you but does no damage.
The orc wizard mumbles some strange words.
The orc wizard flickers and vanishes!
Deactivating autopickup; reactivate with Ctrl-A.
The adder misses you.
You barely miss the orc.
The orc is severely wounded.
You barely miss the orc. You barely miss the adder.
You closely miss the orc. x2
The orc hits you but does no damage. x3; The adder bites you.
You barely miss the orc.
The orc is moderately wounded.
You hit something. You hit the adder but do no damage.
You hit the orc but do no damage. You hit the orc. The adder barely misses you.
The orc barely misses you. The orc closely misses you.
The orc barely misses you. The adder barely misses you.
The orc barely misses you. Something hits you but does no damage.
The orc barely misses you.
You completely miss the orc.
The orc is moderately wounded.
You hit the orc but do no damage. You hit something but do no damage.
You closely miss the orc. You barely miss the adder.
The adder barely misses you. The orc hits you but does no damage. x2
Something hits you.
You die...

#># #.#.....# #.#
#.#.....# #.#
#.#.....# #.#
#.#....%#### #.#
#..........+ #.#
#########.#######
#.#
#...............+
#.#
#.......#########.
#.......oo@oS.....
#........o.S.####.
####'#....o.....#
#.#.##.###.# #...#
... # #..## ....
#.. ....# ##.
....# .. ...


You could see 2 adders and 5 orcs.

Vanquished Creatures
  An adder (D:5)
  A quokka (D:5)
2 creatures vanquished.

Notes
Turn   | Place    | Note
-------+----------+-------------------------------------------
     0 | D:5      | qw the Gargoyle Delver began the quest for the Orb.
     0 | D:5      | Reached XP level 1. HP: 14/14 MP: 1/1
     0 | D:5      | 0 ||| qw: Version: 0.1-a-116-g5d60599
     0 | D:5      | 0 ||| qw: Game counter: 8111
     0 | D:5      | 0 ||| qw: Always use a shield: true
     0 | D:5      | 0 ||| qw: God list: Okawaru
     0 | D:5      | 0 ||| qw: Allow faded altars: false
     0 | D:5      | 0 ||| qw: Do Orc after D:15 true
     0 | D:5      | 0 ||| qw: Do second Lair branch before Depths: true
     0 | D:5      | 0 ||| qw: Lair rune preference: random
     0 | D:5      | 0 ||| qw: Plans: Normal
     0 | D:5      | 0 ||| PLANNING D:1-11
    30 | D:5      | Reached XP level 2. HP: 11/19 MP: 2/2
   266 | D:5      | 266 ||| Stepping ~*~*~tactically~*~*~ (stealth).
   273 | D:5      | HP: 4/19 [orc/+0 club (2)]
   277 | D:5      | Slain by an orc wizard

Levels and vault maps discovered:
D:5:      lemuel_ice_spiral_2, layout_basic, serial_shops, shop_fountains,
          uniq_pikel, uniq_crazy_yiuf_cottage

Skill      XL: |  1 |
---------------+----+-----
Axes           | 2 |  2.6
Fighting       | |  3.2
Dodging        | |  1.5
Stealth        | |  5.4

Action                   || total
-------------------------++-------
Melee: Hand axe          ||    23
Armor: Leather armour    ||    14
Dodge: Dodged            ||    34

Table legend:
 A = Non-vault XP
 B = Vault XP
 C = Vault XP percentage of total XP
 D = Non-vault monster count
 E = Vault monster count
 F = Vault count percentage of total count
                 A         B        C        D         E       F
            +---------+---------+-------+---------+---------+-------
      Total |      16 |       0 |   0.0 |       2 |       0 |   0.0
            +---------+---------+-------+---------+---------+-------
        D:5 |      16 |       0 |   0.0 |       2 |       0 |   0.0
            +---------+---------+-------+---------+---------+-------
